 Dungeon Crawl Stone Soup version 0.31-a0-188-g5e087ee2ca (webtiles) character file.

Game seed: 13883923973519887224

159 benadryl the Magician (level 5, -2/40 HPs)
             Began as a Djinni Ice Elementalist on June 23, 2023.
             Slain by Menkaure (12 damage)
             ... on level 4 of the Dungeon.
             The game lasted 00:03:07 (2362 turns).

benadryl the Magician (Djinni Ice Elementalist)     Turns: 2362, Time: 00:03:07

Health: -2/40      AC: 11    Str:  7    XL:     5   Next: 68%
Gold:   199        EV: 12    Int: 19    God:
                   SH:  5    Dex: 19

rFire   + + .        n - +0 long sword
rCold   x . .        h - +1 buckler
rNeg    . . .        a - +0 robe
rPois   ∞            (no helmet)
rElec   .            c - +2 cloak
rCorr   .            (no gloves)
SInv    .            (boots unavailable)
Will    +....        (no amulet)
Stlth   ++           i - +6 ring of dexterity
HPRegen 0.26/turn    u - ring of willpower
MPRegen 0.00/turn

%: infuse magic (-3 HP)
@: ice-armoured, freezing walls, flying, very slightly contaminated
A: sickness immunity, fire resistance 2, cold vulnerability 1, float, innate
caster, HP casting, extra vitality 1
a: no special abilities


You were on level 4 of the Dungeon.
You visited 1 branch of the dungeon, and saw 4 of its levels.

You collected 199 gold pieces.

Inventory:

Hand Weapons
 b - a +0 mace
 n - a +0 long sword (weapon)
Missiles
 p - a throwing net
Armour
 a - a +0 robe (worn)
 c - a +2 cloak (worn)
 h - a +1 buckler (worn)
Jewellery
 i - a +6 ring of dexterity (left hand)
 u - a ring of willpower (right hand)
Wands
 t - a wand of light (14)
Scrolls
 d - a scroll of enchant armour
 k - a scroll of identify {unknown}
 l - a scroll of amnesia {unknown}
 r - a scroll of enchant weapon {unknown}
 s - a scroll of fear {unknown}
 v - a scroll of brand weapon {unknown}
Potions
 e - a potion of resistance {unknown}
 f - a potion of enlightenment {unknown}
 g - 2 potions of magic {unknown}
 j - a potion of cancellation {unknown}
 m - 3 potions of curing {unknown}
 o - a potion of brilliance {unknown}
 q - a potion of lignification {unknown}


   Skills:
 - Level 3.0 Fighting
 - Level 2.1 Dodging
 - Level 1.5 Stealth
 * Level 4.4 Spellcasting
 * Level 4.4 Conjurations
 * Level 4.4 Hexes
   Level 0.0 Charms
 * Level 4.4 Summonings
 * Level 4.4 Necromancy
 * Level 4.4 Translocations
 * Level 4.4 Transmutations
 * Level 4.4 Fire Magic
 * Level 4.4 Ice Magic
 * Level 4.4 Air Magic
 * Level 4.4 Earth Magic
 * Level 4.4 Poison Magic


You knew the following spells:

 Your Spells              Type           Power      Damage    Failure   Level
a - Freeze                Ice            84%        1d9       3%          1
b - Frozen Ramparts       Ice            42%        1d7       11%         3
c - Ozocubu's Armour      Ice            21%        N/A       11%         3
d - Summon Ice Beast      Ice/Summ       21%        N/A       34%         4
e - Summon Small Mammal   Summ           84%        N/A       3%          1
f - Searing Ray           Conj           42%        2d6       5%          2
Your spell library was empty.

Dungeon Overview and Level Annotations

Branches:
Dungeon (4/15)
 Temple: D:4-7

Altars:
Makhleb

Shops:
D:1 :   D:3 (

Annotations:
D:4 Menkaure


Innate Abilities, Weirdness & Mutations

You are immune to sickness and miasma.
You are immune to poison.
Your flesh is very heat resistant. (rF++)
You are vulnerable to cold. (rC-)
You float through the air rather than walking.
You learn spells naturally, not from books.
Your magical power is your life essence.
You have superior vitality. (+4 MHP)


Message History

The frozen ramparts melt away as you move.
The gnoll hits you but does no damage.
Found a grey potion.
Casting: Frozen Ramparts (dangerous; 11% risk of failure)
Confirm with . or Enter, or press ? or * to list all spells.
A film of ice covers your body! You block Menkaure's attack.
Casting: Ozocubu's Armour (dangerous; 11% risk of failure)
Confirm with . or Enter, or press ? or * to list all spells.
Casting: Frozen Ramparts (dangerous; 11% risk of failure)
Press: ? - help, Dir - look around, f - activate The walls around you are covered in ice.
The wall freezes the gnoll. x2; The wall freezes the gnoll!
The gnoll closely misses you.
You slash Menkaure!
Menkaure is heavily damaged.
The wall freezes Menkaure but does no damage.
Menkaure hits you!
The wall freezes the gnoll. x2
The gnoll barely misses you.
The wall freezes the gnoll.
You kill the gnoll!
Menkaure resists.
The wall freezes Menkaure.
Menkaure gestures at you while chanting.
Pain shoots through your body!
* * * LOW HITPOINT WARNING * * *
Aiming: Freeze (safe; 3% risk of failure)
Press: ? - help, Q - select action, (/) - cycle Shift-Dir - straight line, f - Menkaure
Aim: Menkaure (severely damaged)
You freeze Menkaure.
Menkaure resists.
Menkaure is severely damaged.
* * * LOW HITPOINT WARNING * * *
The wall freezes the gnoll. x2
You kill the gnoll!
Aiming: Freeze (safe; 3% risk of failure)
Press: ? - help, Q - select action, (/) - cycle Shift-Dir - straight line, f/p - Menkaure
Aim: Menkaure (severely damaged)
You miscast Freeze.
You are very lightly contaminated with residual magic.
Nothing appears to happen.
* * * LOW HITPOINT WARNING * * *
Menkaure resists.
The wall freezes Menkaure.
Menkaure hits you!
You die...

!.# #.# #.#
#.# #.# #.#
#.#####
#@#...
#M#.##.#
#g)....#
#......?##
#.......#
#.......#
#.........
#.......###
#.....?.#


You could see Menkaure and a gnoll.

Vanquished Creatures
  6 gnolls
  An adder (D:3)
  A shadow imp (D:3)
  An ufetubus (D:3)
  3 dart slugs
  8 endoplasms
  2 giant cockroaches (D:1)
  7 hobgoblins
  8 jackals
  5 quokkas
  8 ball pythons
  3 bats
  A frilled lizard (D:1)
  4 goblins
  7 kobolds
  3 rats
68 creatures vanquished.

Notes
Turn   | Place    | Note
-------+----------+-------------------------------------------
     0 | D:1      | benadryl the Djinni Ice Elementalist began the quest for
                  | the Orb.
     0 | D:1      | benadryl set off with the following spells memorised:
                  | Freeze, Frozen Ramparts, Ozocubu's Armour, Summon Ice
                  | Beast.
     0 | D:1      | Reached XP level 1. HP: 15/15 MP: 0/0
    64 | D:1      | Found a faded altar of an unknown god.
    82 | D:1      | Reached skill level 1 in Fighting
    86 | D:1      | Reached XP level 2. HP: 12/22 MP: 0/0
   515 | D:1      | Reached XP level 3. HP: 25/29 MP: 0/0
   515 | D:1      | Learned a level 1 spell: Summon Small Mammal
   606 | D:1      | Found Rudehadd's Book Shop.
  1708 | D:3      | Reached XP level 4. HP: 35/35 MP: 0/0
  1724 | D:3      | Found Yfuazuh's Antique Weapon Shop.
  1915 | D:3      | Reached XP level 5. HP: 19/40 MP: 0/0
  1915 | D:3      | Learned a level 2 spell: Searing Ray
  2282 | D:3      | Found a burning altar of Makhleb.
  2353 | D:4      | Noticed Menkaure
  2362 | D:4      | Slain by Menkaure

Illustrated notes

Levels and vault maps discovered:
D:1:      wander_arrival_abandoned_jail, layout_basic,
          shapermc_ecumenical_altar_gd, serial_shops, shop
D:2:      layout_basic
D:3:      minmay_octagon_keep, layout_rooms, lightli_temple_of_fire,
          serial_shops, shop
D:4:      layout_basic, uniq_duvessa, uniq_menkaure, uniq_pargi

Skill      XL: |  1  2  3  4 |
---------------+-------------+-----
Fighting       | 1 2 3 |  3.0
Spellcasting   | 4 |  4.4
Conjurations   | 4 |  4.4
Hexes          | 4 |  4.4
Summonings     | 4 |  4.4
Necromancy     | 4 |  4.4
Translocations | 4 |  4.4
Transmutations | 4 |  4.4
Fire Magic     | 4 |  4.4
Ice Magic      | 4 |  4.4
Air Magic      | 4 |  4.4
Earth Magic    | 4 |  4.4
Poison Magic   | 4 |  4.4
Dodging        | |  2.1
Stealth        | |  1.5

Action                     |  1- 3 |  4- 6 || total
---------------------------+-------+-------++-------
  Melee: Unarmed           |     4 |       ||     4
         Mace              |    64 |       ||    64
         Long sword        |     1 |    62 ||    63
   Cast: Freeze            |    31 |    14 ||    45
         Frozen Ramparts   |     1 |     3 ||     4
         Ozocubu's Armour  |       |     1 ||     1
    Use: Scroll            |     2 |     1 ||     3
   Stab: Sleeping          |     1 |     2 ||     3
 Armour: Robe              |    53 |    26 ||    79
  Dodge: Dodged            |   104 |    67 ||   171
  Block: Buckler           |     4 |    22 ||    26

Table legend: (Time is in decaauts)
 A = Elapsed time spent in this place.
 B = Non-inter-level travel time spent in this place.
 C = Inter-level travel time spent in this place.
 D = Time resting spent in this place.
 E = Time spent auto-exploring this place.
 F = Levels seen in this place.
 G = Mean time per level.
                   A        B        C        D        E       F      G
               +--------+--------+--------+--------+--------+-----+--------+
         Total |   2418 |   2308 |    110 |    257 |   1566 |   4 |  604.5 |
       Dungeon |   2418 |   2308 |    110 |    257 |   1566 |   4 |  604.5 |
               +--------+--------+--------+--------+--------+-----+--------+

Top non-repeatable levels by time:
     D:1: 1127 daAuts
     D:3: 678 daAuts
     D:2: 603 daAuts
     D:4: 9 daAuts
